 Dungeon Crawl Stone Soup version 0.29.1-2-gbd0b4ee654 (webtiles) character file.

Game seed: 9984572774431156810

978 qeuew the Shooter (level 7, 0/39 HPs)
             Began as a Spriggan Hunter on Nov 3, 2022.
             Was an Initiate of Dithmenos.
             Shot with a bolt by an orc warrior (14 damage)
             ... on level 6 of the Dungeon.
             The game lasted 00:11:48 (4928 turns).

qeuew the Shooter (Spriggan Hunter)                 Turns: 4928, Time: 00:11:49

Health: 0/39       AC:  2    Str:  7    XL:     7   Next: 95%
Magic:  8/8        EV: 20    Int:  8    God:    Dithmenos [......]
Gold:   188        SH:  0    Dex: 21    Spells: 6/6 levels left

rFire   . . .      SeeInvis +   n - +1 dagger (speed)
rCold   . . .      Faith    .   (no shield)
rNeg    . . .      Spirit   .   c - +0 robe
rPois   .          Reflect  .   (helmet restricted)
rElec   +          Harm     .   (no cloak)
rCorr   +          Rampage  .   (gloves unavailable)
Will    +....                   (boots unavailable)
Stlth   +++.......              (no amulet)
HPRegen 0.13/turn               e - +4 ring of slaying
MPRegen 0.11/turn               h - ring of resist corrosion

@: unable to read, very quick
A: very small, no large weapons, unfitting armour, see invisible, speed 3, dopey
1, robust 1, electricity resistance, inability to read after injury 1
a: Renounce Religion


You were on level 6 of the Dungeon.
You worshipped Dithmenos.
Dithmenos was noncommittal.
You visited 2 branches of the dungeon, and saw 7 of its levels.

You collected 188 gold pieces.

Inventory:

Hand Weapons
 a - a +1 shortbow
 n - a +1 dagger of speed (weapon)
Armour
 c - a +0 robe (worn)
Jewellery
 e - a +4 ring of slaying (left hand)
 h - a ring of resist corrosion (right hand)
 m - a ring of protection from fire
Wands
 l - a wand of flame (41)
Scrolls
 b - a scroll of identify
 d - 3 scrolls of fear
 f - a scroll of teleportation {unknown}
 k - 2 scrolls of enchant weapon
Potions
 g - a potion of flight
 i - 3 potions of curing


   Skills:
 + Level 3.1 Fighting
 * Level 4.7 Short Blades
 * Level 6.5 Ranged Weapons
 + Level 5.2 Dodging
 + Level 5.6 Stealth


You had 6 spell levels left.
You didn't know any spells.
Your spell library was empty.

Dungeon Overview and Level Annotations

Branches:
Dungeon (6/15)             Temple (1/1) D:5

Altars:
Dithmenos
Fedhas
Gozag
Kikubaaqudgha
Nemelex Xobeh
Sif Muna
Vehumet
Xom
Zin

Shops:
D:5 ?

Annotations:
D:3 Edmund


Innate Abilities, Weirdness & Mutations

You are very small and have problems with some larger weapons.
You are too small for most types of armour.
You have supernaturally acute eyesight. (SInv)
You cover ground extremely quickly. (Speed+++)
You are dopey. (Int -2)
You are robust. (+10% HP)
You are resistant to electric shocks. (rElec)
You occasionally lose the ability to read scrolls when taking damage.


Message History

The water moccasin misses you.
You closely miss the water moccasin.
The water moccasin is heavily wounded.
The water moccasin misses you.
You hit the water moccasin.
The water moccasin is heavily wounded.
Okay, then.
You closely miss the water moccasin.
The water moccasin is heavily wounded.
The water moccasin completely misses you.
You hit the water moccasin.
The water moccasin is heavily wounded.
The water moccasin completely misses you.
You miss the water moccasin.
The water moccasin is heavily wounded.
The water moccasin misses you.
You hit the water moccasin.
The water moccasin is heavily wounded.
You hit the water moccasin.
The water moccasin is severely wounded.
The water moccasin closely misses you.
You barely miss the water moccasin.
The water moccasin is severely wounded.
The water moccasin barely misses you.
You barely miss the water moccasin.
The water moccasin is severely wounded.
The water moccasin closely misses you.
You miss the water moccasin.
The water moccasin is severely wounded.
The water moccasin misses you.
You hit the water moccasin.
The water moccasin is almost dead.
The jelly jiggles.
You hit the water moccasin.
You kill the water moccasin!
Dithmenos accepts your kill.
You can read scrolls again.
The orc warrior shoots a bolt.
The bolt hits you!
You feel threatened and lose the ability to read scrolls!
You die...

## .##J. . .### ..#. ..
...#### ..o#... .#.[..##
..†.... ..###..# ......#
.....#.########## ####......#
#..#......##....####.oS..$...#
#...##.##.##.>..##...##......#
#.#..#.##.†.....@..S..#......#
#.##.#..####....##..#.########
#. ##. ###.....##..#
......>.#######.# ...######
#.# ... #.# #.# #.# #.#


You could see an orc warrior and 2 adders.

Vanquished Creatures
  Sigmund (D:4)
  A water moccasin (D:6)
  A black bear (D:5)
  2 scorpions
  A howler monkey (D:5)
  2 hounds
  An orc priest (D:6)
  A jelly (D:5)
  3 iguanas
  2 orc wizards
  Robin (D:4)
  7 adders
  6 worms
  6 dart slugs
  14 orcs
  9 ball pythons
  6 bats
  8 endoplasms
  2 giant cockroaches
  13 goblins
  10 hobgoblins
  4 jackals
  4 kobolds
  5 quokkas
  8 frilled lizards
  3 rats
121 creatures vanquished.

Notes
Turn   | Place    | Note
-------+----------+-------------------------------------------
     0 | D:1      | qeuew the Spriggan Hunter began the quest for the Orb.
     0 | D:1      | Reached XP level 1. HP: 10/10 MP: 2/2
   140 | D:1      | Reached XP level 2. HP: 14/14 MP: 3/3
   761 | D:2      | Reached XP level 3. HP: 18/18 MP: 4/4
   873 | D:2      | Identified the +10 glaive "Ifaseomo" {protect, rElec rPois}
   916 | D:2      | Found a faded altar of an unknown god.
   927 | D:2      | Reached XP level 4. HP: 23/23 MP: 5/5
  1225 | D:2      | Gained mutation: You are strong-willed. (Will+) [potion of
                  | mutation]
  1225 | D:2      | Gained mutation: Your mind is acute. (Int +4, Str/Dex -1)
                  | [potion of mutation]
  1228 | D:2      | Lost mutation: You are strong-willed. (Will+) [potion of
                  | mutation]
  1228 | D:2      | Lost mutation: Your mind is acute. (Int +4, Str/Dex -1)
                  | [potion of mutation]
  1228 | D:2      | Gained mutation: You occasionally lose the ability to read
                  | scrolls when taking damage. [potion of mutation]
  1228 | D:2      | Gained mutation: You are robust. (+10% HP) [potion of
                  | mutation]
  1228 | D:2      | Gained mutation: You are dopey. (Int -2) [potion of
                  | mutation]
  1228 | D:2      | Gained mutation: You are resistant to electric shocks.
                  | (rElec) [potion of mutation]
  1328 | D:3      | Reached skill level 1 in Short Blades
  1859 | D:3      | Reached skill level 5 in Ranged Weapons
  2401 | D:4      | Noticed Edmund
  2401 | D:4      | Identified the +0 helmet "Zuaceics" {Harm rF+ Str+4}
  2401 | D:4      | Noticed Robin
  2803 | D:4      | Reached XP level 5. HP: 28/28 MP: 6/6
  2809 | D:4      | Found an ancient bone altar of Kikubaaqudgha.
  2929 | D:4      | Noticed Sigmund
  2955 | D:4      | Killed Sigmund
  2956 | D:4      | Reached XP level 6. HP: 28/35 MP: 7/7
  3172 | D:4      | Killed Robin
  4092 | D:5      | Entered Level 5 of the Dungeon
  4137 | D:5      | Found a staircase to the Ecumenical Temple.
  4144 | Temple   | Entered the Ecumenical Temple
  4196 | Temple   | Became a worshipper of Dithmenos the Shadowed
  4290 | D:5      | Reached XP level 7. HP: 32/38 MP: 8/8
  4336 | D:5      | Found Ruwaul's Magic Scroll Shoppe.
  4346 | D:5      | Reached skill level 6 in Ranged Weapons
  4393 | D:5      | Reached skill level 5 in Stealth
  4774 | D:6      | Identified the +0 ring mail of Wusir {rPois rC++ Stlth-}
  4826 | D:6      | Reached skill level 5 in Dodging
  4928 | D:6      | Shot with a bolt by an orc warrior

Illustrated notes

Levels and vault maps discovered:
D:1:      ebering_hopf_link, layout_loops_ring
D:2:      layout_basic, shapermc_ecumenical_altar_petra
D:3:      layout_basic, saegor_snake_ambush
D:4:      layout_basic, kennysheep_mini, chequers_decorated_corner,
          hangedman_feature_mirror, uniq_sigmund, uniq_edmund, uniq_robin
D:5:      layout_rooms, minmay_temple_entry_grid, serial_shops, shop
D:6:      layout_rooms, minmay_manual_moon, uniq_crazy_yiuf_cottage
Temple:   minmay_crystal_spiral_temple

Skill      XL: |  1  2  3  4  5  6  7 |
---------------+----------------------+-----
Dodging        | 3 4 5 |  5.2
Stealth        | 2 3 4 5 |  5.6
Short Blades   | 1 2 3 4 |  4.7
Fighting       | 2 3 |  3.1
Ranged Weapons | 5 6 |  6.5

Action                   |  1- 3 |  4- 6 |  7- 9 || total
-------------------------+-------+-------+-------++-------
Melee: Dagger            |       |    20 |    17 ||    37
 Fire: Shortbow          |    88 |   199 |    58 ||   345
  Use: Scroll            |     2 |     4 |     2 ||     8
       Potion            |     1 |     5 |       ||     6
Armor: Robe              |     7 |    10 |     1 ||    18
Dodge: Dodged            |    29 |   139 |    42 ||   210
